 Dungeon Crawl Stone Soup version 0.30-a0-187-gd9c2deaf24 (webtiles) character file.

Game seed: 11962081816485434572

151 porpoise the Poker (level 5, -2/42 HPs)
             Began as a Demonspawn Gladiator on Oct 4, 2022.
             Slain by a kobold brigand
             ... wielding a +0 whip
              (7 damage)
             ... on level 3 of the Dungeon.
             The game lasted 00:06:17 (2800 turns).

porpoise the Poker (Demonspawn Gladiator)           Turns: 2800, Time: 00:06:18

Health: -2/42      AC: 11    Str: 16    XL:     5   Next: 10%
Magic:  5/5        EV: 11    Int:  9    God:
Gold:   101        SH:  0    Dex: 15    Spells: 4/4 levels left

rFire   . . .      SeeInvis .    a - +1 trident
rCold   . . .      Faith    .    (no shield)
rNeg    . . .      Spirit   .    o - +0 ring mail
rPois   .          Reflect  .    c - +0 helmet
rElec   .          Harm     .    (no cloak)
rCorr   .          Rampage  .    (no gloves)
Will    .....                    (no boots)
Stlth   +.........               (no amulet)
HPRegen 0.27/turn                n - +4 ring of protection
MPRegen 0.09/turn                (no ring)

@: no status effects
A: rugged brown scales 1
a: no special abilities


You were on level 3 of the Dungeon.
You visited 1 branch of the dungeon, and saw 3 of its levels.

You collected 145 gold pieces.
You spent 44 gold pieces at shops.

Inventory:

Hand Weapons
 a - a +1 trident (weapon)
 b - a +3 dagger of venom
 w - a +0 sling
Missiles
 d - 3 throwing nets (quivered)
 e - a javelin
Armour
 c - a +0 helmet (worn)
 o - a +0 ring mail (worn)
Magical Staves
 s - a staff of cold
Jewellery
 n - a +4 ring of protection (left hand)
Scrolls
 i - a scroll of enchant weapon
 k - a scroll of enchant armour {unknown}
 l - a scroll of blinking
 m - a scroll of immolation {unknown}
 r - a scroll of teleportation
 t - a scroll of magic mapping {unknown}
 u - a scroll of fear
 y - a scroll of identify {unknown}
 z - a scroll of torment {unknown}
Potions
 f - a potion of berserk rage {unknown}
 g - 2 potions of heal wounds {unknown}
 h - 3 potions of curing {unknown}
 j - a potion of invisibility {unknown}
 p - a potion of degeneration {unknown}
 q - 3 potions of flight {unknown}
 v - a potion of lignification {unknown}
 x - a potion of resistance {unknown}


   Skills:
 + Level 3.4 Fighting
 * Level 4.6 Polearms
 - Level 1.7 Throwing
 - Level 2.6 Dodging


You had 4 spell levels left.
You didn't know any spells.
Your spell library contained the following spells:

 Spells                   Type           Power      Damage    Failure   Level
 Foxfire                  Conj/Fire      0%         2x1d4     61%         1
 Slow                     Hex            0%         N/A       61%         1
 Summon Small Mammal      Summ           0%         N/A       61%         1
 Call Canine Familiar     Summ           0%         N/A       93%         3
 Confusing Touch          Hex            0%         N/A       93%         3
 Inner Flame              Hex/Fire       0%         N/A       93%         3
 Summon Guardian Golem    Hex/Summ       0%         N/A       93%         3
 Vampiric Draining        Necr           0%         2d6       93%         3
 Flame Wave               Conj/Fire      0%         2d4       100%        4
 Sticky Flame             Conj/Fire      0%         2d3       100%        4


Dungeon Overview and Level Annotations

Branches:
Dungeon (3/15)

Altars:

Shops:
D:2 *


Innate Abilities, Weirdness & Mutations

You are partially covered in rugged brown scales. (AC +1, +3% HP)


Message History

You hit the kobold brigand.
The kobold brigand is lightly wounded.
You feel sick.
You are no longer poisoned.
The kobold brigand hits you with a +0 whip.
The kobold brigand hits you but does no damage.
You puncture the kobold brigand!
The kobold brigand is moderately wounded.
The kobold brigand closely misses you.
The kobold brigand hits you but does no damage.
You closely miss the kobold brigand.
The kobold brigand is moderately wounded.
The kobold brigand hits you with a +0 whip.
You hit the kobold brigand.
The kobold brigand is heavily wounded.
The kobold brigand hits you with a +0 whip. x2
* * * LOW HITPOINT WARNING * * *
You hit the kobold brigand.
The kobold brigand is heavily wounded.
You feel yourself speed up.
The kobold brigand hits you with a +0 whip.
* * * LOW HITPOINT WARNING * * *
You hit the kobold brigand.
The kobold brigand is severely wounded.
The kobold brigand barely misses you.
You puncture the kobold brigand!
The kobold brigand is almost dead.
The kobold brigand closely misses you.
You hit the kobold brigand but do no damage.
The kobold brigand is almost dead.
The kobold brigand hits you but does no damage.
You barely miss the kobold brigand.
The kobold brigand is almost dead.
The kobold brigand hits you but does no damage.
The kobold brigand hits you with a +0 whip.
* * * LOW HITPOINT WARNING * * *
You miss the kobold brigand.
The kobold brigand is almost dead.
The kobold brigand hits you with a +0 whip!
You die...

#.# #.###.####..# ####.... #.#
#.# #...##[.## ####. #.## #.#
#....#...# ###... #..#### #.#
#...)#...# ##..... ##....# #).
#........###......
#######.####..#######....##..###.
...........#...### #....#...###.
...........#.....####....#...##..
...........#...K@................
########..†######################
###...................#...
#######.####......#.#.##
#.##......#.##..##
#....####.#....... ######
#.#.#.##.# #.#.>..... #.######..


You could see a kobold brigand.

Vanquished Creatures
  Natasha (thrice) (D:2)
  2 adders
  A worm (D:2)
  3 dart slugs
  3 ball pythons
  A bat (D:2)
  4 endoplasms
  A giant cockroach (D:3)
  14 goblins
  2 hobgoblins (D:2)
  4 jackals
  A quokka (D:2)
  3 frilled lizards
  4 kobolds
  4 rats
50 creatures vanquished.

Vanquished Creatures (others)
  A plant (D:1)
1 creature vanquished.

Grand Total: 51 creatures vanquished

Notes
Turn   | Place    | Note
-------+----------+-------------------------------------------
     0 | D:1      | porpoise the Demonspawn Gladiator began the quest for the
                  | Orb.
     0 | D:1      | Reached XP level 1. HP: 16/16 MP: 1/1
    10 | D:1      | Noticed an electric eel
   110 | D:1      | Noticed an electric eel
   187 | D:1      | Found a faded altar of an unknown god.
   282 | D:1      | Reached skill level 3 in Polearms
   321 | D:1      | Gained mutation: You are partially covered in rugged brown
                  | scales. (AC +1, +3% HP) [demonic ancestry]
   321 | D:1      | Reached XP level 2. HP: 16/22 MP: 2/2
  1090 | D:2      | Noticed Natasha
  1095 | D:2      | Noticed a crimson imp
  1100 | D:2      | Killed Natasha
  1101 | D:2      | Reached XP level 3. HP: 15/28 MP: 3/3
  1190 | D:2      | Noticed Natasha
  1200 | D:2      | Killed Natasha
  1201 | D:2      | Reached skill level 4 in Polearms
  1201 | D:2      | Reached XP level 4. HP: 27/35 MP: 4/4
  1267 | D:2      | Found Ucaexe's General Store.
  1276 | D:2      | Bought a scroll of fear for 44 gold pieces
  1910 | D:2      | Noticed Natasha
  1921 | D:2      | Killed Natasha
  2239 | D:3      | Reached XP level 5. HP: 42/42 MP: 5/5
  2800 | D:3      | Slain by a kobold brigand

Illustrated notes

Levels and vault maps discovered:
D:1:      arrival_aquarium_b, layout_loops_cross,
          shapermc_ecumenical_altar_mp_urbaneastern, roderic_lattice_a
D:2:      layout_loops_corners, serial_shops, nicolae_lakefront_shop,
          uniq_natasha
D:3:      minmay_recursive_quarters, layout_basic, elyvilon_altar_4

Skill      XL: |  1  2  3  4 |
---------------+-------------+-----
Polearms       | 3 4 |  4.6
Fighting       | 3 |  3.4
Throwing       | |  1.7
Dodging        | |  2.6

Action                   |  1- 3 |  4- 6 || total
-------------------------+-------+-------++-------
Melee: Trident           |    83 |   106 ||   189
       Dagger            |       |     4 ||     4
       Punch             |       |     1 ||     1
  Use: Scroll            |       |     3 ||     3
 Stab: Sleeping          |     1 |       ||     1
Armor: Leather armour    |     7 |       ||     7
       Ring mail         |    14 |    38 ||    52
Dodge: Dodged            |    38 |    55 ||    93

Table legend: (Time is in decaauts)
 A = Elapsed time spent in this place.
 B = Non-inter-level travel time spent in this place.
 C = Inter-level travel time spent in this place.
 D = Time resting spent in this place.
 E = Time spent auto-exploring this place.
 F = Levels seen in this place.
 G = Mean time per level.
                   A        B        C        D        E       F      G
               +--------+--------+--------+--------+--------+-----+--------+
         Total |   2841 |   2715 |    126 |    246 |   2012 |   3 |  947.0 |
       Dungeon |   2841 |   2715 |    126 |    246 |   2012 |   3 |  947.0 |
               +--------+--------+--------+--------+--------+-----+--------+

Top non-repeatable levels by time:
     D:2: 1147 daAuts
     D:1: 906 daAuts
     D:3: 787 daAuts
